 Dungeon Crawl Stone Soup version 0.25-a0-700-g7f8a797 (webtiles) character file.

Game seed: 5383183710704359087, levelgen mode: deterministic

4245 BlueFish the Grappler (level 10, 0/94 HPs)
             Began as a Troll Hunter on Apr 3, 2020.
             Was a Priest of Wu Jian.
             Slain by a manticore (1 damage)
             ... on level 7 of the Dungeon.
             The game lasted 00:13:05 (5724 turns).

BlueFish the Grappler (Troll Hunter)                Turns: 5724, Time: 00:13:05

Health: 0/94       AC:  6    Str: 25    XL:     10   Next: 9%
Magic:  0/9        EV: 17    Int:  7    God:    Wu Jian [***...]
Gold:   258        SH:  0    Dex: 10    Spells: 9/9 levels left

rFire    . . .     SeeInvis .     - Unarmed
rCold    + . .     Gourm    +   (no shield)
rNeg     . . .     Faith    .   b - +0 robe
rPois    .         Spirit   +   (helmet restricted)
rElec    +         Reflect  .   v - scarf {Spirit}
rCorr    .         Harm     .   (gloves unavailable)
MR       +++..                  (boots unavailable)
Stlth    ++........             (no amulet)
HPRegen  0.65/turn              E - ring "Tuomat" {Wiz *Contam rElec rC+ MR+++}
MPRegen  0.11/turn              n - +6 ring of evasion

@: barbed spikes
A: large, unfitting armour, claws 3, fast metabolism 3, gourmand, regeneration
1, shaggy fur 1, tough skin 3
a: Wall Jump, Serpent's Lash, Renounce Religion


You were on level 7 of the Dungeon.
You worshipped Wu Jian.
Wu Jian was most pleased with you.
You were completely stuffed.

You visited 2 branches of the dungeon, and saw 8 of its levels.
You also visited: Ossuary.

You collected 426 gold pieces.
You spent 168 gold pieces at shops.

Inventory:

Missiles
 c - 13 large rocks (quivered)
 d - 2 throwing nets
 u - 14 boomerangs
Armour
 b - a +0 robe (worn)
 v - a scarf of spirit shield (worn)
Jewellery
 a - an uncursed ring of positive energy
 n - a +6 ring of evasion (right claw)
 x - a cursed ring of teleportation {unknown}
 E - the ring "Tuomat" (left claw) {Wiz *Contam rElec rC+ MR+++}
   (You found it on level 6 of the Dungeon)

   [ring of wizardry]

   It improves your spell success rate.
   It protects you from cold.
   It insulates you from electricity.
   It affects your resistance to hostile enchantments.
   It causes magical contamination when unequipped.
Wands
 A - a wand of flame (15)
Scrolls
 i - 3 scrolls of remove curse
 j - 4 scrolls of identify
 l - 4 scrolls of teleportation
 o - 3 scrolls of noise {unknown}
 q - 3 scrolls of fog {unknown}
 r - 2 scrolls of fear {unknown}
 y - a scroll of blinking {unknown}
 B - a scroll of random uselessness {unknown}
 D - a scroll of immolation {unknown}
 F - a scroll of enchant weapon {unknown}
Potions
 e - 2 potions of brilliance
 g - 2 potions of curing
 h - 4 potions of flight
 k - a potion of ambrosia {unknown}
 m - 3 potions of might
 p - 2 potions of degeneration {unknown}
 s - 2 potions of magic {unknown}
 t - 2 potions of haste {unknown}
 w - 2 potions of invisibility
 z - 3 potions of lignification {unknown}
 C - 2 potions of stabbing {unknown}
 G - a potion of mutation {unknown}
Comestibles
 f - 13 rations


   Skills:
 * Level 4.6 Fighting
 + Level 4.1 Throwing
 + Level 4.0 Dodging
 + Level 2.0 Stealth
 * Level 11.9 Unarmed Combat


You had 9 spell levels left.
You didn't know any spells.
Your spell library contained the following spells:

 Spells                   Type           Power        Failure   Level  Hunger
 Beastly Appendage        Tmut           #.....       19%         1    ##.....
 Sticks to Snakes         Tmut           #.......     26%         2    ###....
 Spider Form              Tmut/Pois      #.........   45%         3    ####...
 Ice Form                 Ice/Tmut       #.......     86%         4    #####..
 Blade Hands              Tmut           #.........   99%         5    ######.


Dungeon Overview and Level Annotations

Branches:
Dungeon (7/15)             Temple (1/1) D:5         Ossuary (visited)

Altars:
Ashenzari
Cheibriados
Dithmenos
Elyvilon
Fedhas
Gozag
Hepliaklqana
Kikubaaqudgha
Makhleb
Nemelex Xobeh
Okawaru
Qazlal
Ru
Sif Muna
Trog
Uskayaw
Vehumet
Wu Jian
Xom
Yredelemnul
Zin
The Shining One

Shops:
D:4 *}


Innate Abilities, Weirdness & Mutations

You are too large for most types of armour.
You have claws for hands.
Your metabolism is lightning-fast.
You like to eat raw meat.
Your natural rate of healing is unusually fast.
You are covered in fur. (AC +1)
You have extremely tough skin. (AC +3)


Message History

You claw the manticore!
The manticore is moderately wounded.
You barely miss the manticore.
The manticore is moderately wounded.
The manticore bites you! The manticore claws you! x2
You scratch the manticore but do no damage.
The manticore is moderately wounded.
The manticore bites you.
* * * LOW HITPOINT WARNING * * *
The manticore claws you!
* * * LOW HITPOINT WARNING * * *
The manticore claws you.
* * * LOW HITPOINT WARNING * * *
Okay, then.
As you read the scroll of identify, it crumbles to dust.
m - 3 potions of might The manticore bites you!!
* * * LOW HITPOINT WARNING * * *
The manticore claws you.
You die...

#.##..####............. #..#
#####...#####..........####Z.=[#
.# ##..........#....###..†..# ##
#.............###..###..# ##
#..######...###..#..# #..# .#
##..# #...###..#...#..# ## .##
#..## #.###..#...#.#.#..#
#.###..# #....#...#...#.# #..
#..#..## ##.###@H#...#u#.. #
##....# #...####..#...#.# #.....#
#..#..####(.#.#.# ####.##
#..#....####..#.# ## #..###
#..#.##...####..# ###.
#....###..#.##.#...###.####...
##.........#......#....###.....
##..........#.##.#...####.......
##...........#.##u.Z###..........


You could see a manticore.

Vanquished Creatures
  An unseen horror (D:7)
  An ugly thing (D:7)
  A manticore (D:7)
  A troll (D:7)
  Grinder (D:5)
  Sigmund (D:5)
  A yak (D:7)
  A sky beast (D:5)
  2 orc warriors
  A phantom (D:4)
  3 ogres
  2 bullfrogs (D:6)
  3 water moccasin zombies (Ossuary)
  2 wights (D:7)
  2 centaur zombies
  4 crimson imps
  2 hounds
  2 jellies
  4 orc priests
  A centaur skeleton (D:7)
  8 orc wizards
  Natasha (D:2)
  2 iguanas
  7 worker ants
  2 big kobold zombies (Ossuary)
  2 mummies (Ossuary)
  4 gnolls
  5 adders
  3 shadow imps
  An ooze (D:2)
  11 adder zombies (Ossuary)
  2 adder skeletons
  3 worms
  A dart slug (D:2)
  4 leopard geckos
  21 orcs
  7 giant cockroaches
  2 gnoll zombies (Ossuary)
  2 goblins
  10 hobgoblins
  7 jackals
  2 quokkas
  A ball python (D:7)
  4 bats
  6 frilled lizards
  2 hobgoblin zombies (Ossuary)
  6 kobolds
  4 kobold zombies (Ossuary)
  A leopard gecko zombie (D:6)
  4 orc zombies (Ossuary)
  A quokka skeleton (D:6)
  A quokka zombie (D:7)
  4 rats
177 creatures vanquished.

Notes
Turn   | Place    | Note
-------+----------+-------------------------------------------
     0 | D:1      | BlueFish the Troll Hunter began the quest for the Orb.
     0 | D:1      | Reached XP level 1. HP: 19/19 MP: 0/0
   360 | D:1      | Reached XP level 2. HP: 24/28 MP: 1/1
   540 | D:2      | Reached skill level 1 in Unarmed Combat
   601 | D:2      | Found a sparkling altar of Nemelex Xobeh.
   678 | D:2      | Reached XP level 3. HP: 35/35 MP: 2/2
   876 | D:2      | Noticed Natasha
   883 | D:2      | Killed Natasha
   883 | D:2      | Reached skill level 2 in Unarmed Combat
   915 | D:2      | Reached XP level 4. HP: 38/42 MP: 3/3
  1469 | D:3      | Reached skill level 3 in Unarmed Combat
  1837 | D:4      | Noticed a phantom
  1859 | D:4      | Killed a phantom
  1859 | D:4      | Reached skill level 1 in Stealth
  1859 | D:4      | Reached XP level 5. HP: 29/49 MP: 4/4
  1907 | D:4      | Reached skill level 4 in Unarmed Combat
  1968 | D:4      | Reached XP level 6. HP: 57/57 MP: 5/5
  2212 | D:4      | Found Hoobuu's Assorted Antiques.
  2219 | D:4      | Bought a glowing scarf for 168 gold pieces
  2377 | D:4      | Found Ytutup's Gadget Shop.
  2632 | D:5      | Entered Level 5 of the Dungeon
  2669 | D:5      | Reached skill level 5 in Unarmed Combat
  2727 | D:5      | Found a staircase to the Ecumenical Temple.
  2789 | Temple   | Entered the Ecumenical Temple
  2898 | Temple   | Became a worshipper of the Wu Jian Council
  2969 | D:5      | Reached XP level 7. HP: 63/66 MP: 6/6
  3163 | D:5      | Noticed Grinder
  3189 | D:5      | Killed Grinder
  3189 | D:5      | Reached skill level 6 in Unarmed Combat
  3202 | D:5      | Reached * piety under Wu Jian
  3396 | D:5      | Noticed Sigmund
  3407 | D:5      | Killed Sigmund
  3407 | D:5      | Reached skill level 7 in Unarmed Combat
  3407 | D:5      | Reached XP level 8. HP: 49/75 MP: 4/7
  4137 | D:6      | Reached skill level 8 in Unarmed Combat
  4160 | D:6      | Found a sparkling altar of Nemelex Xobeh.
  4336 | D:6      | Got a steaming lead ring
  4338 | D:6      | Identified the ring "Tuomat" {Wiz *Contam rElec rC+ MR+++}
                  | (You found it on level 6 of the Dungeon)
  4406 | D:6      | Reached skill level 9 in Unarmed Combat
  4481 | D:6      | Reached ** piety under Wu Jian
  4512 | D:6      | Found a snail-covered altar of Cheibriados.
  4790 | D:7      | Noticed a manticore
  4799 | D:7      | Killed a manticore
  4799 | D:7      | Reached XP level 9. HP: 35/84 MP: 2/8
  4880 | D:7      | Reached skill level 10 in Unarmed Combat
  5082 | D:7      | Noticed a troll
  5084 | D:7      | Noticed a brown ugly thing
  5101 | D:7      | Killed an unseen horror
  5101 | D:7      | Reached skill level 11 in Unarmed Combat
  5160 | D:7      | Killed a brown ugly thing
  5163 | D:7      | Killed a troll
  5164 | D:7      | Reached XP level 10. HP: 53/94 MP: 9/9
  5250 | D:7      | Found a sand-covered staircase.
  5255 | Ossuary  | Entered an ossuary
  5344 | Ossuary  | Reached *** piety under Wu Jian
  5717 | D:7      | Noticed a manticore
  5724 | D:7      | HP: 1/94 [manticore (16)]
  5724 | D:7      | Slain by a manticore

Levels and vault maps discovered:
D:1:      ebering_trefoil_twist, layout_basic
D:2:      layout_loops_ring, nemelex_dance_club_becter, uniq_natasha
D:3:      layout_loops_ring, first_ration
D:4:      layout_basic, serial_shops, kennysheep_little_box, nicolae_shop_stone,
          kennysheep_generic_room_14
D:5:      layout_layer_cave, temple_pool_b, kennysheep_generic_room_3,
          uniq_sigmund, uniq_grinder
D:6:      layout_loops_ring, cheibrodos_worm_habitat, nemelex_spade_bored_becter
D:7:      minmay_the_grid_triangle_9x9_rhombus_thin
          [minmay_the_grid_triangle_9x9_cache,
          minmay_the_grid_triangle_9x9_prize_schism,
          minmay_the_grid_triangle_9x9_descending_squares,
          minmay_the_grid_triangle_9x9_sparse_checkered], layout_layer_cave,
          enter_ossuary_5
Temple:   kilobyte_greek_temple

Skill      XL: |  1  2  3  4  5  6  7  8  9 10 |
---------------+-------------------------------+-----
Unarmed Combat | 1 2 3 4 5 7 9 11 | 11.9
Throwing       | 4 |  4.1
Fighting       | 2 3 4 |  4.6
Dodging        | 2 3 4 |  4.0
Stealth        | 1 2 |  2.0

Action                   |  1- 3 |  4- 6 |  7- 9 | 10-12 || total
-------------------------+-------+-------+-------+-------++-------
Melee: Unarmed           |    89 |   152 |   197 |    89 ||   527
       Punch             |       |     1 |     9 |     6 ||    16
Invok: Lunge             |       |     2 |    27 |     6 ||    35
       Whirlwind         |       |       |    10 |    22 ||    32
  Use: Scroll            |       |     6 |       |     1 ||     7
 Stab: Sleeping          |     2 |     1 |     2 |     5 ||    10
       Distracted        |       |       |     1 |       ||     1
  Eat: Chunk             |    10 |    23 |    19 |     6 ||    58
Armor: Robe              |    18 |    55 |    15 |    13 ||   101
Dodge: Dodged            |    46 |   122 |    89 |    56 ||   313

Table legend:
 A = Non-vault XP
 B = Vault XP
 C = Vault XP percentage of total XP
 D = Non-vault monster count
 E = Vault monster count
 F = Vault count percentage of total count
                 A         B        C        D         E       F
            +---------+---------+-------+---------+---------+-------
      Total |    3219 |    2846 |  46.9 |     135 |      42 |  23.7
            +---------+---------+-------+---------+---------+-------
        D:1 |      13 |       0 |   0.0 |       9 |       0 |   0.0
        D:2 |      51 |      45 |  46.9 |      19 |       3 |  13.6
        D:3 |      82 |       0 |   0.0 |      17 |       0 |   0.0
        D:4 |     325 |       0 |   0.0 |      14 |       0 |   0.0
        D:5 |     716 |     514 |  41.8 |      29 |       3 |   9.4
        D:6 |     890 |       5 |   0.6 |      25 |       1 |   3.8
        D:7 |    1128 |    1874 |  62.4 |      21 |       5 |  19.2
     Temple |      14 |       0 |   0.0 |       1 |       0 |   0.0
    Ossuary |       0 |     408 | 100.0 |       0 |      30 | 100.0
            +---------+---------+-------+---------+---------+-------
